 Dungeon Crawl Stone Soup version 0.29-a0-551-gffc1d7fb78 (webtiles) character file.

Game seed: 17159269635619332289

74 shadowstone the Skirmisher (level 4, -1/29 HPs)
             Began as a Gargoyle Fighter on June 5, 2022.
             Was a Follower of the Shining One.
             Slain by an orc wizard
             ... wielding a +0 dagger
              (4 damage)
             ... on level 3 of the Dungeon.
             The game lasted 00:05:49 (1583 turns).

shadowstone the Skirmisher (Gargoyle Fighter)       Turns: 1583, Time: 00:05:49

Health: -1/29      AC: 12    Str: 22    XL:     4   Next: 28%
Magic:  4/4        EV:  9    Int:  8    God:    the Shining One [*.....]
Gold:   68         SH:  4    Dex:  9    Spells: 3/3 levels left

rFire   . . .      SeeInvis .   a - +0 trident
rCold   . . .      Faith    .   c - +0 buckler
rNeg    + . .      Spirit   .   b - +0 scale mail
rPois   ∞          Reflect  .   g - +0 helmet
rElec   +          Harm     .   (no cloak)
rCorr   .          Rampage  .   (no gloves)
Will    .....                   f - +0 pair of boots
Stlth   ..........              (no amulet)
HPRegen 0.09/turn               e - ring of poison resistance
MPRegen 0.09/turn               (no ring)

@: glowing
A: sickness immunity, AC +3, negative energy resistance 1, electricity
resistance, torment resistance 1, petrification resistance
a: Renounce Religion, Divine Shield


You were on level 3 of the Dungeon.
You worshipped the Shining One.
The Shining One was aware of your devotion.
You visited 1 branch of the dungeon, and saw 3 of its levels.

You collected 68 gold pieces.

Inventory:

Hand Weapons
 a - a +0 trident (weapon)
Armour
 b - a +0 scale mail (worn)
 c - a +0 buckler (worn)
 f - a +0 pair of boots (worn)
 g - a +0 helmet (worn)
Jewellery
 e - a ring of poison resistance (left hand)
Scrolls
 d - 3 scrolls of identify {unknown}
 i - a scroll of blinking {unknown}
Potions
 h - 3 potions of resistance {unknown}


   Skills:
 + Level 3.9 Fighting
 + Level 2.7 Polearms
 + Level 3.8 Armour
 + Level 0.4 Dodging
 + Level 3.7 Shields


You had 3 spell levels left.
You didn't know any spells.
Your spell library was empty.

Dungeon Overview and Level Annotations

Branches:
Dungeon (3/15)

Altars:
Elyvilon
The Shining One


Innate Abilities, Weirdness & Mutations

You are immune to sickness and miasma.
Your stone body is resilient. (AC +3)
You are immune to poison.
You resist negative energy. (rN+)
You are resistant to electric shocks. (rElec)
You are resistant to unholy torment.
You are immune to petrification.


Message History

The orc hits you but does no damage. The orc attacks as you move away!
The orc hits you but does no damage.
An orc wizard comes into view. It is wielding a +0 dagger.
You hit the orc.
The orc is moderately wounded.
The orc hits you with a +0 whip.
* * * LOW HITPOINT WARNING * * *
You hit the orc.
The orc is heavily wounded.
You block the orc's attack. The orc barely misses you.
An orc wizard comes into view. It is wielding a +0 dagger.
The orc wizard shouts!
You puncture the orc!
You kill the orc!
The kobold throws a stone.
The stone hits you but does no damage. The orc hits you but does no damage.
The kobold hits you but does no damage.
The orc wizard hits you but does no damage.
The orc hits you but does no damage.
Things that are here:
a +0 whip; an orc corpse You barely miss the kobold.
The kobold hits you but does no damage.
The orc wizard hits you but does no damage.
The orc hits you but does no damage.
You hit the kobold.
You kill the kobold!
The orc wizard barely misses you. You block the orc's attack.
The orc hits you but does no damage. The orc wizard casts a spell at you.
The magic dart hits you but does no damage.
The orc wizard attacks as you move away!
The orc wizard hits you with a +0 dagger.
* * * LOW HITPOINT WARNING * * *
You block the orc's attack.
Things that are here:
a +0 dagger; 3 stones; a kobold corpse The orc attacks as you move away!
The orc hits you with a +0 hand axe.
* * * LOW HITPOINT WARNING * * *
The orc wizard hits you with a +0 dagger.
You die...

..#...###### #.#........
#?##......# ###.##......# ..
#...........####.# .#
#.....#..#.......# .#
..##.####.....##o#..)....###(#
.........).....@)o...........
..#####.#.....###o)......##.#
#.#.....#..........##.####
#.#######.#..............# ..#
#....###...)...... ### #..#.#
#.......... #....# #..........
#.._.. #..........
##...............#


You could see 2 orc wizards and an orc.

Vanquished Creatures
  2 adders
  A worm (D:2)
  An orc (D:3)
  6 ball pythons
  6 bats
  5 endoplasms
  A giant cockroach (D:2)
  4 goblins
  3 hobgoblins
  4 jackals (D:1)
  6 kobolds
  2 quokkas (D:1)
  3 frilled lizards
  3 rats
47 creatures vanquished.

Notes
Turn   | Place    | Note
-------+----------+-------------------------------------------
     0 | D:1      | shadowstone the Gargoyle Fighter began the quest for the
                  | Orb.
     0 | D:1      | Reached XP level 1. HP: 14/14 MP: 1/1
    98 | D:1      | Reached XP level 2. HP: 19/19 MP: 2/2
   122 | D:1      | Found a faded altar of an unknown god.
   604 | D:1      | Prayed at the altar of an unknown god.
   604 | D:1      | Became a worshipper of the Shining One
   604 | D:1      | Reached * piety under the Shining One
   879 | D:1      | Reached XP level 3. HP: 22/23 MP: 3/3
  1478 | D:3      | Reached XP level 4. HP: 26/29 MP: 4/4
  1536 | D:3      | Found a white marble altar of Elyvilon.
  1583 | D:3      | Slain by an orc wizard

Illustrated notes

Levels and vault maps discovered:
D:1:      lemuel_arrival_river_ford, layout_rooms,
          ebering_ecumenical_altar_sacrificial, amcnicky_mini_corridor_feature,
          st_stairs_2
D:2:      layout_loops_ring
D:3:      layout_basic, mainiacjoe_overflow_tiny_flanked

Skill      XL: |  1  2 |
---------------+-------+-----
Polearms       | 2 |  2.7
Fighting       | |  3.9
Armour         | |  3.8
Dodging        | |  0.4
Shields        | |  3.7

Action                   |  1- 3 |  4- 6 || total
-------------------------+-------+-------++-------
Melee: Trident           |    74 |    22 ||    96
  Use: Potion            |     1 |       ||     1
Armor: Scale mail        |   101 |    45 ||   146
Dodge: Dodged            |    79 |    30 ||   109
Block: Buckler           |    41 |    16 ||    57

Table legend: (Time is in decaauts)
 A = Elapsed time spent in this place.
 B = Non-inter-level travel time spent in this place.
 C = Inter-level travel time spent in this place.
 D = Time resting spent in this place.
 E = Time spent auto-exploring this place.
 F = Levels seen in this place.
 G = Mean time per level.
                   A        B        C        D        E       F      G
               +--------+--------+--------+--------+--------+-----+--------+
         Total |   1609 |   1604 |      5 |    452 |      0 |   3 |  536.3 |
       Dungeon |   1609 |   1604 |      5 |    452 |      0 |   3 |  536.3 |
               +--------+--------+--------+--------+--------+-----+--------+

Top non-repeatable levels by time:
     D:1: 1060 daAuts
     D:2: 362 daAuts
     D:3: 186 daAuts
